 Dungeon Crawl Stone Soup version 0.17-a0-1435-geafbe2f (webtiles) character file.

1521 beatless the Grappler (level 8, 74/74 HPs)
             Began as a Troll Monk on June 26, 2015.
             Starved to death
             ... on level 6 of the Dungeon.
             The game lasted 00:07:05 (5042 turns).

beatless the Grappler (Troll Monk)                  Turns: 5042, Time: 00:07:05

Health: 74/74      AC:  6    Str: 25    XL:     8   Next: 54%
Magic:  7/7        EV: 10    Int:  6    God:
Gold:   290        SH:  0    Dex: 12    Spells: 0 memorised, 7 levels left

rFire  . . .     SeeInvis .       - Unarmed
rCold  . . .     Clarity  .     a - +0 robe
rNeg   . . .     SustAt   .     (no shield)
rPois  +         Gourm    +     (helmet restricted)
rElec  .         Spirit   .     y - +0 cloak (curse)
rCorr  .         Warding  .     (gloves unavailable)
rMut   .         Stasis   .     (boots unavailable)
MR     .....                    (no amulet)
Stlth  +.........               k - ring of poison resistance
                                j - +3 ring of strength

@: starving, not resistant to hostile enchantments, very unstealthy
A: unfitting armour, claws 3, fast metabolism 3, gourmand, regeneration 2,
shaggy fur 1, tough skin 2
a: no special abilities


You were on level 6 of the Dungeon.
You were starving.

You visited 2 branches of the dungeon, and saw 7 of its levels.
You also visited: Sewer.

You collected 290 gold pieces.

Inventory:

Hand weapons
 D - a +0 giant spiked club
Missiles
 z - 8 javelins (quivered)
Armour
 a - a +0 robe (worn)
 y - a cursed +0 cloak (worn)
Jewellery
 j - a +3 ring of strength (left claw)
 k - a ring of poison resistance (right claw)
 n - an uncursed ring of teleportation
 A - an uncursed ring of protection from cold
Magical devices
 e - a wand of confusion (0)
 s - a wand of flame (9)
Scrolls
 c - 3 scrolls of remove curse
 d - 2 scrolls of immolation {unknown}
 f - 4 scrolls of identify
 g - 3 scrolls of magic mapping {unknown}
 l - 6 scrolls of teleportation
 r - a scroll of fog
 t - a scroll of enchant armour {unknown}
 u - a scroll of noise {unknown}
 x - 2 scrolls of amnesia {unknown}
 E - a scroll of random uselessness {unknown}
Potions
 m - a potion of brilliance
 o - a potion of agility
 p - 4 potions of heal wounds
 q - 4 potions of curing
 w - 3 potions of might
 B - a potion of haste
 C - a potion of ambrosia {unknown}
Books
 v - a book of Conjurations

   Spells                             Type                      Level
   a - Magic Dart                     Conjuration                  1
   b - Searing Ray                    Conjuration                  2
   c - Dazzling Spray                 Conjuration/Hexes            3
   d - Fulminant Prism                Conjuration/Hexes            4
   e - Iskenderun's Mystic Blast      Conjuration                  4
   f - Iskenderun's Battlesphere      Conjuration/Charms           5
Comestibles
 b - 2 bread rations
 h - 3 fruits
 i - a meat ration


   Skills:
 - Level 2.4 Fighting
 - Level 2.4 Dodging
 - Level 1.1 Stealth
 * Level 11.3 Unarmed Combat


You had 7 spell levels left.
You didn't know any spells.

Dungeon Overview and Level Annotations

Branches:
Dungeon (6/15)             Temple (1/1) D:6

Altars:
Ashenzari
Cheibriados
Dithmenos
Kikubaaqudgha
Makhleb
Nemelex Xobeh
Ru
Trog
Vehumet
Xom
Zin


Innate Abilities, Weirdness & Mutations

You are too large for most types of armour.
You have claws for hands.
Your metabolism is lightning-fast.
You like to eat raw meat.
You heal very quickly.
You are covered in fur (AC +1).
You have very tough skin (AC +2).


Message History

The ogre begins to bleed from its wounds!
The ogre is severely wounded.
The ogre hits you but does no damage.
You scratch the ogre.
The ogre is almost dead.
You claw the ogre!
You kill the ogre!
No target in view!
You see here a giant spiked club.
D - a giant spiked club
Found a mace.
You see here a mace.
Found a chain mail.
You see here a chain mail.
Found a leather armour.
Found a scroll labeled NUTITO KIRAP.
You see here a leather armour.
E - a scroll labeled NUTITO KIRAP You have starved to death.
You die...

# #.# ####.#
#.[..# #.#### #.#
# #.# # #.# # #.#
############## #
#.# #.[.....@....#
# #.#
#.##########.# #
#.# #.# # #.# #.#
# #.### #.#
###...###.########
##................
#.#...###.#######.
.##..#.##.###


There were no monsters in sight!

Vanquished Creatures
  Sigmund (D:3)
  Purgy (D:3)
  An ice beast (D:5)
  An ogre (D:6)
  8 big kobolds (D:3)
  A scorpion (D:4)
  Crazy Yiuf (D:3)
  A jelly (D:5)
  An orc wizard (D:3)
  A centaur skeleton (D:4)
  A hound (D:3)
  A worker ant (D:4)
  Terence (D:3)
  13 adders
  A river rat (D:5)
  A gnoll (D:1)
  5 oozes
  6 worms
  2 giant geckos
  9 orcs
  9 bats
  A bat skeleton (D:5)
  3 giant cockroaches
  9 goblins
  11 hobgoblins
  2 quokkas (D:2)
  6 ball pythons
  A giant gecko zombie (D:4)
  11 giant newts
  39 kobolds
  13 rats
162 creatures vanquished.

Notes
Turn   | Place    | Note
--------------------------------------------------------------
     0 | D:1      | beatless the Troll Monk began the quest for the Orb.
     0 | D:1      | Reached XP level 1. HP: 22/22 MP: 0/0
   172 | D:1      | Reached XP level 2. HP: 29/29 MP: 1/1
   538 | D:2      | Reached skill level 5 in Unarmed Combat
   558 | D:2      | Reached XP level 3. HP: 36/36 MP: 2/2
  1078 | D:3      | Noticed Terence
  1088 | D:3      | Killed Terence
  1088 | D:3      | Reached XP level 4. HP: 31/44 MP: 3/3
  1108 | D:3      | Noticed Sigmund
  1131 | D:3      | HP: 1/44 [hound (4)]
  1137 | D:3      | Reached skill level 6 in Unarmed Combat
  1176 | D:3      | Killed Sigmund
  1176 | D:3      | Reached skill level 7 in Unarmed Combat
  1176 | D:3      | Reached XP level 5. HP: 31/50 MP: 4/4
  1176 | D:3      | Reached XP level 6. HP: 36/59 MP: 5/5
  1356 | D:3      | Noticed a moth of wrath
  1359 | D:3      | Found a bloodstained altar of Trog.
  1603 | D:3      | Noticed Purgy
  1618 | D:3      | Killed Purgy
  1618 | D:3      | Reached skill level 8 in Unarmed Combat
  1696 | D:3      | Found a sacrificial altar of Ru.
  1788 | D:3      | Noticed Crazy Yiuf
  1796 | D:3      | Killed Crazy Yiuf
  2012 | D:3      | Noticed a big kobold
  2012 | D:3      | Noticed a big kobold
  2012 | D:3      | Noticed a big kobold
  2012 | D:3      | Noticed a big kobold
  2015 | D:3      | Killed a big kobold
  2015 | D:3      | Reached XP level 7. HP: 64/66 MP: 6/6
  2027 | D:3      | Killed a big kobold
  2027 | D:3      | Reached skill level 9 in Unarmed Combat
  2033 | D:3      | Killed a big kobold
  2036 | D:3      | Killed a big kobold
  2113 | D:3      | Noticed a big kobold
  2120 | D:3      | Killed a big kobold
  2170 | D:3      | Noticed a big kobold
  2179 | D:3      | Killed a big kobold
  2203 | D:3      | Noticed a big kobold
  2204 | D:3      | Noticed a big kobold
  2212 | D:3      | Killed a big kobold
  2212 | D:3      | Reached skill level 10 in Unarmed Combat
  2212 | D:3      | Reached XP level 8. HP: 72/74 MP: 7/7
  2215 | D:3      | Killed a big kobold
  2479 | D:4      | Found a radiant altar of Vehumet.
  3169 | D:5      | Entered Level 5 of the Dungeon
  3384 | D:5      | Found a glowing drain.
  3399 | Sewer    | Entered a sewer
  3699 | D:5      | Found a shattered altar of Ashenzari.
  4015 | D:5      | Reached skill level 11 in Unarmed Combat
  4688 | D:6      | Found a staircase to the Ecumenical Temple.
  4728 | Temple   | Entered the Ecumenical Temple
  5042 | D:6      | Starved to death

Vault maps used:
D:1:      nagdon_arrival_double_spiral, minmay_misc_feat_enclosed
D:3:      minmay_goblin_kobold_castle, nicolae_ru_great_annihilating_truth,
          tgw_trog, first_bread, kennysheep_pointless_box, uniq_terence,
          uniq_sigmund, uniq_crazy_yiuf_cottage, uniq_purgy
D:4:      vehumet_altar_wand_db
D:5:      portal_sewer_entry_e, basic_altar, small_statue_intersection
D:6:      nicolae_qazlal_style_of_elements, yredelemnul_altar_generic,
          minmay_temple_entry_hall, lightli_corner_chamber
Temple:   minmay_temple_bridge_c_8
Sewer:    sewer_co_cracked_pipes

Action                   |  1- 3 |  4- 6 |  7- 9 || total
-------------------------+-------+-------+-------++-------
Melee: Unarmed           |    71 |   115 |   217 ||   403
  Use: Potion            |       |     8 |     6 ||    14
       Scroll            |       |     3 |       ||     3
 Stab: Sleeping          |     3 |       |     2 ||     5
       Paralysed         |       |     1 |       ||     1
       Distracted        |       |       |     1 ||     1
  Eat: Chunk             |    12 |    11 |    14 ||    37
       Bread ration      |       |       |     1 ||     1
